 Dungeon Crawl Stone Soup version 0.19.5 (webtiles) character file.

144983 Jynx the Scorcher (level 16, 0/76 HPs)
             Began as a Deep Elf Fire Elementalist on Mar 26, 2017.
             Was a High Priest of Vehumet.
             Slain by a naga warrior
             ... wielding a +0 battleaxe
              (27 damage)
             ... on level 3 of the Snake Pit.
             The game lasted 02:04:18 (41940 turns).

Jynx the Scorcher (Deep Elf Fire Elementalist)     Turns: 41940, Time: 02:04:18

Health: 0/76       AC: 18    Str:  5    XL:     16   Next: 86%
Magic:  1/54       EV: 17    Int: 27    God:    Vehumet [*****.]
Gold:   259        SH:  0    Dex: 16    Spells: 8 memorised, 16 levels left

rFire  + . .     SeeInvis .     i - staff of power
rCold  . . .     Gourm    .     u - +0 swamp dragon scales
rNeg   . . .     Faith    .     (no shield)
rPois  +         Spirit   .     d - +2 hat
rElec  .         Reflect  .     p - +2 cloak
rCorr  .         Harm     +     H - +2 pair of gloves
MR     +....                    N - +2 pair of boots
Stlth  +++.......               R - amulet of harm
                                h - +3 ring of evasion
                                q - ring of protection from fire

@: studying Fire Magic
A: no striking features
a: Renounce Religion


You were on level 3 of the Snake Pit.
You worshipped Vehumet.
Vehumet was extremely pleased with you.
You were hungry.

You visited 5 branches of the dungeon, and saw 26 of its levels.
You also visited: Ice Cave and Volcano.

You collected 1804 gold pieces.
You spent 1545 gold pieces at shops.

Inventory:

Armour
 d - a +2 hat (worn)
 p - a +2 cloak (worn)
 u - +0 swamp dragon scales (worn)
 x - the +0 pair of gloves of Fenyrph {rElec rC- Str+3 Stlth+}
   (You found it in an ice cave)

   It affects your strength (+3).
   It makes you vulnerable to cold.
   It insulates you from electricity.
   It makes you more stealthy.
 C - a +2 robe of magic resistance
 H - a +2 pair of gloves (worn)
 N - a +2 pair of boots (worn)
Magical Staves
 i - an uncursed staff of power (weapon)
Jewellery
 h - a +3 ring of evasion (right hand)
 q - a ring of protection from fire (left hand)
 R - an amulet of harm (around neck)
 Z - an uncursed ring of stealth
Wands
 g - a wand of iceblast (1/15)
 m - a wand of acid (5/15)
 y - a wand of digging (12/24)
 A - a wand of iceblast (6/15)
 T - a wand of confusion (17/48)
 V - a wand of polymorph (4/24)
Scrolls
 a - a scroll of amnesia
 l - 5 scrolls of teleportation
 s - 3 scrolls of recharging
 t - 5 scrolls of fear
 v - 2 scrolls of blinking
 w - 9 scrolls of remove curse
 B - 4 scrolls of fog
 P - 3 scrolls of enchant weapon
 X - 4 scrolls of magic mapping
 Y - a scroll of holy word
Potions
 e - 3 potions of brilliance
 f - 7 potions of heal wounds
 o - a potion of invisibility
 r - a potion of might {unknown}
 D - 4 potions of haste
 E - 4 potions of flight
 F - 3 potions of cancellation
 I - a potion of beneficial mutation {unknown}
 J - 8 potions of curing
 M - 2 potions of resistance {unknown}
 O - a potion of magic {unknown}
Books
 b - a book of Flames

   Spells                             Type                      Level
   a - Flame Tongue                   Conjuration/Fire             1
   b - Throw Flame                    Conjuration/Fire             2
   c - Conjure Flame                  Conjuration/Fire             3
   d - Inner Flame                    Hexes/Fire                   3
   e - Sticky Flame                   Conjuration/Fire             4
   f - Fireball                       Conjuration/Fire             5
 G - a manual of Fire Magic
 L - a book of Misfortune

   Spells                             Type                      Level
   a - Confusing Touch                Hexes                        1
   b - Confuse                        Hexes                        3
   c - Gell's Gravitas                Hexes/Translocation          3
   d - Petrify                        Transmutation/Earth          4
   e - Metabolic Englaciation         Hexes/Ice                    5
   f - Yara's Violent Unravelling     Hexes/Transmutation          5
 Q - a book of Ice

   Spells                             Type                      Level
   a - Ice Form                       Ice/Transmutation            4
   b - Metabolic Englaciation         Hexes/Ice                    5
   c - Ozocubu's Refrigeration        Ice                          6
   d - Bolt of Cold                   Conjuration/Ice              6
   e - Freezing Cloud                 Conjuration/Ice/Air          6
   f - Simulacrum                     Ice/Necromancy               6
 S - a book of Battle

   Spells                             Type                      Level
   a - Infusion                       Charms                       1
   b - Shroud of Golubria             Charms/Translocation         2
   c - Song of Slaying                Charms                       2
   d - Spectral Weapon                Hexes/Charms                 3
   e - Regeneration                   Charms/Necromancy            3
Comestibles
 c - 13 bread rations
 j - 2 royal jellies
 n - 16 meat rations
 z - 8 fruits
 K - 6 slices of pizza


   Skills:
 + Level 11.0 Dodging
 - Level 7.0 Stealth
 + Level 17.8 Spellcasting
 + Level 16.9 Conjurations
 - Level 2.4 Translocations
 + Level 20.4 Fire Magic
 * Level 4.9 Ice Magic


You had 16 spell levels left.
You knew the following spells:

 Your Spells              Type           Power        Failure   Level  Hunger
a - Flame Tongue          Conj/Fire      #####        0%          1    None
b - Conjure Flame         Conj/Fire      #######.     0%          3    None
c - Sticky Flame          Conj/Fire      #######.     1%          4    None
d - Fireball              Conj/Fire      #######...   1%          5    None
e - Orb of Destruction    Conj           #######...   2%          7    #####..
f - Bolt of Fire          Conj/Fire      #######...   1%          6    ###....
g - Blink                 Tloc           N/A          8%          2    None
h - Bolt of Cold          Conj/Ice       ######....   5%          6    ###....


Dungeon Overview and Level Annotations

Branches:
Dungeon (13/15)            Temple (1/1) D:5            Lair (6/6) D:8
  Swamp (3/4) Lair:2        Snake (3/4) Lair:2        Slime (0/5) Lair:5
    Orc (0/2) D:11
 Vaults: D:13-14

Altars:
Ashenzari
Cheibriados
Dithmenos
Elyvilon
Fedhas
Gozag
Hepliaklqana
Kikubaaqudgha
Makhleb
Nemelex Xobeh
Okawaru
Qazlal
Ru
Sif Muna
Trog
Uskayaw
Vehumet
Xom
Yredelemnul
Zin
The Shining One

Shops:
D:9 :   D:10 *   D:12 (

Annotations:
Swamp:1 1 runed door


Message History

Aim: a naga warrior, wielding a battleaxe and wearing a robe (severely wounded)
The bolt of fire misses the naga warrior.
You are feeling hungry.
The naga warrior spits poison at you. The splash of poison misses you.
Casting: Bolt of Fire
Confirm with . or Enter, or press ? or * to list all spells.
You don't have enough magic to cast that spell.
Unknown command.
Casting: Bolt of Fire
Confirm with . or Enter, or press ? or * to list all spells.
Aiming: Sticky Flame
Press: ? - help, Shift-Dir - straight line, f/p - naga warrior
Aim: a naga warrior, wielding a battleaxe and wearing a robe (severely wounded, catching its breath)
The sticky flame hits the naga warrior.
The naga warrior appears unharmed.
The naga warrior is severely wounded.
The naga warrior is covered in liquid flames!
The naga warrior burns!
The naga warrior hits you with a battleaxe!!
You die...

#...#.....# ♣######...#.....##
≈≈≈≈≈P≈...#......#
≈P≈≈≈≈...##......###
≈≈PP§≈...##).......# ####
≈≈≈≈P≈....#.....#..## #...
≈≈≈≈†.....#.#.###...## ##.##
≈≈≈≈≈≈....#...^.N##..# #....
≈≈≈≈≈≈.....##<##@##..## ###..##
≈PP≈≈≈...#<##.##.###..#####....##
≈≈≈≈≈P≈..#....##.###.............
≈≈≈≈..........................
≈≈≈≈...........##...........##
####................[......##.
#................#...).....
#.....................)..).
############...........)...


You could see a naga warrior (burning).

Vanquished Creatures
  A nagaraja (Snake:2)
  2 entropy weavers (Lair:4)
  Nessos (D:12)
  A dire elephant (Lair:6)
  A blizzard demon (IceCv)
  Josephine (D:12)
  14 hydras
  4 naga warriors
  An ice dragon (Lair:6)
  14 anacondas
  A centaur warrior (D:9)
  2 dancing weapons (D:13)
  A ghost crab (Swamp:2)
  5 alligators
  A queen ant (Lair:4)
  6 death yaks (Lair:6)
  7 naga sharpshooters
  7 shock serpents
  Urug (Lair:2)
  6 spriggans
  3 sea snakes (Snake:3)
  4 naga ritualists
  4 swamp dragons
  An obsidian statue (D:12)
  2 lindwurms (Lair:6)
  A spriggan druid (Swamp:2)
  2 hill giants (D:11)
  A cyclops (D:12)
  5 mana vipers
  6 oklob plants
  A manticore (D:12)
  9 salamanders
  6 elephants
  Maurice (D:8)
  27 black mambas
  4 guardian serpents
  10 naga magi
  2 ice statues (IceCv)
  7 torpor snails
  18 spiny frogs
  A kobold demonologist (D:11)
  A centaur skeleton (D:12)
  10 komodo dragons
  13 ice devils (IceCv)
  3 trolls
  6 tyrant leeches
  3 two-headed ogres
  6 bog bodies
  12 hornets
  20 blink frogs
  14 slime creatures (Swamp:1)
  7 hippogriffs
  17 dream sheep
  A shadow (D:11)
  4 wraiths (D:12)
  2 wyverns
  A fire bat (Lair:3)
  30 yaks
  A fire elemental (D:13)
  2 basilisks
  Eustachio (D:5)
  2 hungry ghosts
  Grum (D:8)
  2 steam dragons
  17 vampire mosquitoes
  Menkaure (D:5)
  26 soldier ants (Lair:4)
  A mottled dragon (D:10)
  7 insubstantial wisps
  25 nagas
  16 swamp worms
  20 water moccasins
  4 porcupines
  2 hell hounds (D:13)
  2 ice beasts
  2 swamp drakes (Swamp:1)
  2 sky beasts
  2 black bears
  Purgy (D:4)
  6 orc warriors
  2 necrophages
  3 phantoms
  4 ogres
  13 wolves
  14 centaurs
  5 big kobolds
  20 crocodiles
  21 bullfrogs
  3 wyvern skeletons
  5 scorpions
  61 killer bees
  A howler monkey (D:10)
  3 wights (D:8)
  4 electric eels
  3 crimson imps
  A bullfrog zombie (D:12)
  3 hounds
  6 jellies
  A quasit (D:11)
  6 orc priests
  2 gnoll shamans
  2 bullfrog skeletons
  16 orc wizards
  6 iguanas
  27 worker ants
  2 hound zombies
  13 gnolls
  13 adders
  A howler monkey skeleton (D:8)
  2 river rats (D:8)
  6 white imps (IceCv)
  8 ufetubi (IceCv)
  An ooze (D:4)
  An adder skeleton (D:4)
  4 worms
  3 dart slugs
  6 leopard geckos
  42 orcs
  6 ball pythons
  6 giant cockroaches
  2 gnoll zombies (D:2)
  9 goblins
  7 hobgoblins
  6 jackals
  15 kobolds
  6 quokkas
  15 bats
  6 frilled lizards
  A quokka skeleton (D:4)
  12 rats
  6 bushes (Lair:6)
  2 fungi (Lair:6)
  9 plants
927 creatures vanquished.

Vanquished Creatures (others)
  2 white imps (IceCv)
  2 ufetubi (IceCv)
  An ooze (D:1)
  3 bushes (Lair:6)
  25 fungi
  50 plants
83 creatures vanquished.

Grand Total: 1010 creatures vanquished

Notes
Turn   | Place    | Note
-------+----------+-------------------------------------------
     0 | D:1      | Jynx the Deep Elf Fire Elementalist began the quest for the Orb.
     0 | D:1      | Reached XP level 1. HP: 10/10 MP: 6/6
   171 | D:1      | Reached XP level 2. HP: 15/15 MP: 2/8
   687 | D:1      | Reached skill level 4 in Fire Magic
   935 | D:2      | Reached XP level 3. HP: 19/19 MP: 7/9
  1361 | D:2      | Learned a level 3 spell: Conjure Flame
  1530 | D:1      | Reached XP level 4. HP: 11/24 MP: 7/11
  1690 | D:1      | Learned a level 4 spell: Sticky Flame
  2112 | D:2      | Found a basalt altar of Yredelemnul.
  2379 | D:3      | Reached skill level 5 in Fire Magic
  2379 | D:3      | Reached XP level 5. HP: 28/28 MP: 9/13
  3343 | D:4      | Noticed Purgy
  3578 | D:4      | Reached XP level 6. HP: 32/32 MP: 10/15
  3640 | D:4      | Reached skill level 6 in Fire Magic
  3912 | D:4      | Reached skill level 5 in Spellcasting
  4118 | D:4      | Killed Purgy
  4118 | D:4      | Reached XP level 7. HP: 28/36 MP: 1/17
  4584 | D:4      | Reached skill level 7 in Fire Magic
  4598 | D:5      | Entered Level 5 of the Dungeon
  4835 | D:5      | Noticed Eustachio
  4844 | D:5      | Killed Eustachio
  5140 | D:5      | Reached skill level 5 in Conjurations
  5156 | D:5      | Reached skill level 8 in Fire Magic
  5156 | D:5      | Reached XP level 8. HP: 11/41 MP: 4/20
  5390 | D:5      | Learned a level 5 spell: Fireball
  5402 | D:5      | Noticed Menkaure
  5407 | D:5      | Killed Menkaure
  5511 | D:5      | Found a staircase to the Ecumenical Temple.
  5520 | Temple   | Entered the Ecumenical Temple
  5710 | D:5      | Found a shadowy altar of Dithmenos.
  5712 | D:5      | Found a bloodstained altar of Trog.
  5713 | D:5      | Found a radiant altar of Vehumet.
  5804 | D:5      | Became a worshipper of Vehumet
  6145 | D:6      | Reached skill level 9 in Fire Magic
  6940 | D:7      | Reached XP level 9. HP: 45/45 MP: 17/23
  7139 | D:7      | Reached * piety under Vehumet
  7139 | D:7      | Offered knowledge of Shock by Vehumet.
  7205 | D:7      | Reached skill level 10 in Fire Magic
  7805 | D:8      | Offered knowledge of Freeze by Vehumet.
  8022 | D:8      | Reached ** piety under Vehumet
  8036 | D:8      | Reached skill level 11 in Fire Magic
  8487 | D:8      | Noticed Maurice
  8738 | D:8      | Killed Maurice
  8738 | D:8      | Reached XP level 10. HP: 27/50 MP: 9/25
  9238 | D:8      | Reached skill level 10 in Spellcasting
  9352 | D:8      | Found a sparkling altar of Nemelex Xobeh.
  9379 | D:8      | Reached skill level 12 in Fire Magic
  9508 | D:8      | Offered knowledge of Dazzling Spray by Vehumet.
  9748 | D:8      | Found a staircase to the Lair.
  9752 | D:8      | Reached *** piety under Vehumet
  9897 | D:8      | Noticed Grum
  9927 | D:8      | Killed Grum
 10258 | D:8      | Offered knowledge of Ignite Poison by Vehumet.
 10397 | Lair:1   | Entered Level 1 of the Lair of Beasts
 10702 | Lair:1   | Found a shattered altar of Ashenzari.
 10874 | Lair:1   | Noticed a seven-headed hydra
 10879 | Lair:1   | Killed a seven-headed hydra
 10879 | Lair:1   | Reached skill level 13 in Fire Magic
 11066 | Lair:1   | Noticed a spiny frog
 11070 | Lair:1   | Killed a spiny frog
 11070 | Lair:1   | Reached XP level 11. HP: 54/54 MP: 19/28
 11129 | Lair:1   | Got a twisted hand crossbow
 11130 | Lair:1   | Identified the +10 hand crossbow "Nextasic" {elec, rC+} (You found it on level 1 of the Lair of Beasts)
 11314 | Lair:2   | Noticed Urug
 12131 | Lair:2   | Noticed an eight-headed hydra
 12145 | Lair:2   | Killed an eight-headed hydra
 12245 | Lair:2   | Killed Urug
 12245 | Lair:2   | Reached skill level 10 in Conjurations
 12425 | Lair:2   | Reached skill level 14 in Fire Magic
 12462 | Lair:2   | Found a staircase to the Snake Pit.
 12527 | Lair:2   | Noticed a seven-headed hydra
 12531 | Lair:2   | Killed a seven-headed hydra
 12536 | Lair:2   | Reached **** piety under Vehumet
 12716 | Lair:2   | Noticed a four-headed hydra
 12717 | Lair:2   | Killed a four-headed hydra
 12743 | Lair:2   | Noticed a four-headed hydra
 12751 | Lair:2   | Offered knowledge of Airstrike by Vehumet.
 12755 | Lair:2   | Killed a four-headed hydra
 13182 | Lair:2   | Found a staircase to the Swamp.
 13832 | Lair:3   | Reached XP level 12. HP: 59/59 MP: 25/30
 13871 | Lair:3   | Reached skill level 15 in Fire Magic
 14063 | Lair:3   | Found a dark tunnel.
 14123 | Volcano  | Entered a volcano
 15025 | Lair:3   | Noticed a six-headed hydra
 15029 | Lair:3   | Killed a six-headed hydra
 15521 | Lair:4   | Reached ***** piety under Vehumet
 15521 | Lair:4   | Offered knowledge of Delayed Fireball by Vehumet.
 15533 | Lair:4   | Reached skill level 16 in Fire Magic
 17182 | Lair:4   | Noticed an entropy weaver
 17186 | Lair:4   | Killed an entropy weaver
 17254 | Lair:4   | Reached XP level 13. HP: 63/63 MP: 15/32
 17532 | Lair:4   | Noticed an entropy weaver
 17549 | Lair:4   | Killed an entropy weaver
 18265 | Lair:4   | Reached skill level 17 in Fire Magic
 18865 | Lair:4   | Offered knowledge of Fulminant Prism by Vehumet.
 19391 | Lair:5   | Found a staircase to the Slime Pits.
 20271 | Lair:6   | Entered Level 6 of the Lair of Beasts
 20792 | Lair:6   | Identified a scroll of acquirement
 21406 | Lair:6   | Reached skill level 15 in Spellcasting
 22875 | Lair:6   | Reached skill level 18 in Fire Magic
 22875 | Lair:6   | Reached XP level 14. HP: 64/68 MP: 17/35
 23402 | Lair:6   | Found a runed door.
 23735 | Lair:6   | Offered knowledge of Orb of Destruction by Vehumet.
 23752 | Lair:6   | Learned a level 7 spell: Orb of Destruction
 24594 | Lair:6   | Reached skill level 5 in Dodging
 24714 | Lair:6   | Reached skill level 5 in Stealth
 25165 | D:9      | Found Zedameud's Book Shop.
 25466 | D:9      | Found a white marble altar of Elyvilon.
 25981 | D:9      | Found a shimmering altar of Xom.
 26371 | D:10     | Entered Level 10 of the Dungeon
 26389 | D:10     | Found Batit's Assorted Antiques.
 28704 | D:11     | Offered knowledge of Bolt of Fire by Vehumet.
 28712 | D:11     | Learned a level 6 spell: Bolt of Fire
 28717 | D:11     | Found a staircase to the Orcish Mines.
 29625 | D:12     | Found Hejavo's Weapon Shop.
 29627 | D:12     | Noticed Nessos
 29630 | D:12     | Killed Nessos
 30142 | D:12     | Noticed Josephine
 30151 | D:12     | Killed Josephine
 30439 | D:13     | Reached XP level 15. HP: 23/72 MP: 0/36
 31030 | Swamp:1  | Entered Level 1 of the Swamp
 31197 | Swamp:1  | Learned a level 2 spell: Blink
 31613 | Swamp:1  | Reached skill level 1 in Translocations
 32067 | Swamp:1  | Offered knowledge of Poison Arrow by Vehumet.
 32711 | Swamp:1  | Reached skill level 15 in Conjurations
 32765 | Swamp:1  | Found a runed door.
 32765 | Swamp:1  | Noticed a tentacled monstrosity
 33470 | D:9      | Bought a manual of Fire Magic for 1545 gold pieces
 33908 | Swamp:2  | Reached skill level 19 in Fire Magic
 35559 | Snake:1  | Entered Level 1 of the Snake Pit
 36134 | Snake:1  | Found a frozen archway.
 36138 | IceCv    | Entered an ice cave
 36519 | IceCv    | Got a pair of brightly glowing gloves
 36530 | IceCv    | Identified the cursed +0 pair of gloves of Fenyrph {rElec rC- Str+3 Stlth+} (You found it in an ice cave)
 36669 | IceCv    | Offered knowledge of Ozocubu's Refrigeration by Vehumet.
 36845 | IceCv    | Reached XP level 16. HP: 76/76 MP: 37/38
 39945 | Snake:2  | Reached skill level 10 in Dodging
 40422 | Snake:2  | Learned a level 6 spell: Bolt of Cold
 40465 | Snake:2  | Reached skill level 1 in Ice Magic
 40896 | Snake:2  | Reached skill level 20 in Fire Magic
 40944 | Snake:2  | Found a hide-covered altar of Uskayaw.
 41867 | Snake:3  | Offered knowledge of Spellforged Servitor by Vehumet.
 41940 | Snake:3  | Slain by a naga warrior

Skill      XL: |  1  2  3  4  5  6  7  8  9 10 11 12 13 14 15 16 |
---------------+-------------------------------------------------+-----
Fire Magic     | 4 5 6 8 9 11 13 14 16 18 19 20 | 20.4
Conjurations   | 2 3 4 5 6 8 9 10 12 13 14 16 | 16.9
Spellcasting   | 4 5 6 8 9 11 12 13 15 16 17 | 17.8
Dodging        | 3 7 9 11 | 11.0
Stealth        | 3 6 7 |  7.0
Translocations | 2 |  2.4
Ice Magic      | 4 |  4.9

Action                   |  1- 3 |  4- 6 |  7- 9 | 10-12 | 13-15 | 16-18 || total
-------------------------+-------+-------+-------+-------+-------+-------++-------
Melee: Dagger            |       |       |    70 |     9 |       |       ||    79
       Hand crossbow     |       |       |       |     3 |     7 |       ||    10
       Staff             |       |       |       |       |     9 |     3 ||    12
 Cast: Flame Tongue      |    64 |   130 |   247 |   503 |   746 |    76 ||  1766
       Conjure Flame     |     2 |     4 |    11 |     7 |    16 |     1 ||    41
       Sticky Flame      |       |     3 |    20 |    52 |    83 |    18 ||   176
       Fireball          |       |       |     2 |    81 |   282 |    49 ||   414
       Orb of Destructio |       |       |       |       |    44 |    11 ||    55
       Bolt of Fire      |       |       |       |       |    76 |    81 ||   157
       Bolt of Cold      |       |       |       |       |       |     6 ||     6
Evoke: Wand              |       |       |       |     2 |     5 |       ||     7
  Use: Scroll            |     7 |     4 |     3 |    12 |    21 |     7 ||    54
       Potion            |       |       |       |       |     1 |       ||     1
 Stab: Distracted        |       |       |     1 |       |       |       ||     1
  Eat: Chunk             |     2 |     8 |    13 |    26 |    66 |     9 ||   124
       Pizza             |       |       |     1 |     2 |     1 |     3 ||     7
       Fruit             |       |       |     1 |     5 |    12 |     4 ||    22
       Beef jerky        |       |       |       |       |     4 |     2 ||     6
       Meat ration       |       |       |       |       |     1 |     1 ||     2
Armor: Robe              |     6 |     6 |    52 |    90 |    92 |       ||   246
       Mottled dragon sc |       |       |       |       |    33 |       ||    33
       Swamp dragon scal |       |       |       |       |     5 |    52 ||    57
Dodge: Dodged            |    14 |    24 |   133 |   233 |   293 |    81 ||   778
